 Dungeon Crawl Stone Soup version 0.32-a0-928-g1cae6b7ea0 (webtiles) character file.

Game seed: 601354845712730581

42424 Autsider the Geomancer (level 14, -11/88 HPs)
             Began as a Gargoyle Earth Elementalist on Apr 12, 2024.
             Was a High Priest of Vehumet.
             Incinerated by 1Anon's ghost (21 damage)
             ... with a sticky flame
             ... on level 2 of the Lair of Beasts on Apr 13, 2024.
             The game lasted 00:57:09 (20044 turns).

Autsider the Geomancer (GrEE)                      Turns: 20044, Time: 00:57:09

Health: -11/88     AC: 41    Str: 13    XL:     14   Next: 19%
Magic:  2/26       EV:  7    Int: 26    God:    Vehumet [*****.]
Gold:   539        SH: 12    Dex: 13    Spells: 11/30 levels left

rFire   . . .        H - +1 whip (elec)
rCold   . . .        S - +3 buckler {AC+3}
rNeg    + . .        F - +8 chain mail {ponderous}
rPois   ∞            m - +0 helmet
rElec   +            k - +0 cloak
rCorr   .            P - +2 pair of gloves {Dex+3}
SInv    .            y - +0 pair of boots
Will    +....        l - amulet of reflection Stlth
                     W - ring of wizardry
HPRegen 0.34/turn    R - +6 ring of intelligence
MPRegen 0.20/turn

%: reflection, wizardry (x1)
@: on fire, flying, very slightly contaminated, glowing, studying 2 skills, slow
A: sickness immunity, AC +10, big wings, negative energy resistance 1,
electricity resistance, torment resistance 1, petrification resistance
a: Renounce Religion


You were on level 2 of the Lair of Beasts.
You worshipped Vehumet.
Vehumet was extremely pleased with you.
You visited 3 branches of the dungeon, and saw 19 of its levels.
You also visited: Bailey.

You collected 1579 gold pieces.
You spent 1040 gold pieces at shops.

Inventory:

Hand Weapons
 x - the +5 flail of Exoneration {speed, rElec}
   (You found it on level 10 of the Dungeon)

   rElec:     It insulates you from electricity.
 H - a +1 whip of electrocution (weapon)
 L - a +5 flail
 T - the +5 scimitar of Oozing Pus {venom, rN+ Dex+4}
   (You found it in a bailey)

   Dex+4:     It affects your dexterity (+4).
   rN+:       It protects you from negative energy.
Missiles
 Z - a throwing net
Armour
 k - a +0 cloak (worn)
 m - a +0 helmet (worn)
 y - a +0 pair of boots (worn)
 D - +0 fire dragon scales
 F - a +8 chain mail of ponderousness (worn)
 P - a +2 pair of gloves of dexterity (worn)
 S - a +3 buckler of protection (worn)
 V - the +3 pair of seven-league boots {Rampage+∞}
   (You found it on level 1 of the Lair of Beasts)

   Rampage+∞: When moving toward enemies, its wearer moves as far as possible,
   alerting their target en route.
Magical Staves
 d - a staff of conjuration
 Q - a staff of fire
Jewellery
 c - a +6 ring of strength
 l - an amulet of reflection (around neck)
 o - a ring of ice
 w - a ring of resist corrosion
 R - a +6 ring of intelligence (right hand)
 W - a ring of wizardry (left hand)
Wands
 a - a wand of light (10)
 i - a wand of digging (4)
 s - a wand of polymorph (11)
 B - a wand of warping (20)
 I - a wand of flame (34)
 N - a wand of paralysis (25)
Scrolls
 e - 10 scrolls of teleportation {@r2}
 f - 2 scrolls of blinking
 g - 2 scrolls of fog
 q - 3 scrolls of poison
 t - 2 scrolls of enchant weapon
 v - 2 scrolls of amnesia
 C - 4 scrolls of vulnerability
 G - a scroll of silence
 M - a scroll of enchant armour
 O - 2 scrolls of torment
 X - 4 scrolls of revelation
Potions
 b - a potion of magic
 h - 8 potions of curing {@q1}
 j - 6 potions of might
 p - 2 potions of mutation
 r - 4 potions of attraction
 u - a potion of cancellation {unknown}
 z - 3 potions of lignification
 A - 3 potions of ambrosia
 E - 2 potions of invisibility
 J - 2 potions of heal wounds {unknown}
 K - 2 potions of haste {unknown}
 U - 5 potions of enlightenment
 Y - 2 potions of resistance {unknown}
Miscellaneous
 n - a phial of floods


   Skills:
 - Level 10.0 Fighting
 + Level 11.7 Armour
 - Level 6.0 Dodging
 - Level 2.1 Stealth
 - Level 4.0 Shields
 + Level 8.9 Spellcasting
 + Level 9.5 Conjurations
 - Level 4.0 Necromancy
 + Level 14.2 Earth Magic
 + Level 4.3 Alchemy
 + Level 3.7 Evocations


You had 11 spell levels left.
You knew the following spells:

 Your Spells              Type           Power      Damage    Failure   Level
a - Sandblast             Erth           100%       2d20      1%          1
b - Stone Arrow           Conj/Erth      100%       3d13      1%          3
c - Bombard               Conj/Erth      32%        9d6       9%          6
d - Irradiate             Conj/Alch      23%        3d19      12%         5
A - Petrify               Alch/Erth      56%        N/A       6%          4

Your spell library contained the following spells:

 Spells                   Type           Power      Damage    Failure   Level
 Magic Dart               Conj           100%       1d8       1%          1
 Momentum Strike          Conj/Tloc      72%        3d10      1%          2
 Passwall                 Erth           71%        N/A       1%          3
 Brom's Barrelling Bould  Conj/Erth      65%        2d8       1%          4
 Flame Wave               Conj/Fire      36%        2d10      10%         4
 Scorch                   Fire           22%        2d5       11%         2
 Borgnjor's Vile Clutch   Necr/Erth      28%        N/A       19%         5
 Blink                    Tloc           22%        N/A       38%         2
 Call Imp                 Summ           22%        N/A       38%         2
 Lesser Beckoning         Tloc           22%        N/A       38%         2
 Animate Dead             Necr           32%        N/A       45%         4
 Anguish                  Hex/Necr       11%        N/A       75%         4
 Cause Fear               Hex            5%         N/A       94%         4
 Death Channel            Necr           16%        N/A       100%        6
 Summon Cactus Giant      Summ           5%         N/A       100%        6
 Enfeeble                 Hex            5%         N/A       100%        7
 Sublimation of Blood     Necr           Unusable   N/A       N/A         2

Dungeon Overview and Level Annotations

Branches:
Dungeon (14/15)            Temple (1/1) D:5            Lair (4/5) D:10
 Shoals (0/4) Lair:2       Spider (0/4) Lair:2          Orc (0/2) D:12
 Bailey (visited)
  Slime: Lair:4-5    Vaults: D:13-14

Altars:
Ashenzari
Cheibriados
Dithmenos
Elyvilon
Fedhas
Gozag
Hepliaklqana
Kikubaaqudgha
Makhleb
Nemelex Xobeh
Okawaru
Qazlal
Ru
Sif Muna
Trog
Uskayaw
Vehumet
Wu Jian
Xom
Yredelemnul
Zin
The Shining One

Shops:
D:5 :([([   D:7 *   D:9 [   D:13 *

Annotations:
D:8 exclusion: downstairs
D:10 exclusion: downstairs
D:13 2 transporters, Killmatronix's ghost, journeyman TrMo
Lair:2 1Anon's ghost, journeyman GnAl
Lair:3 Rupert
Lair:4 Urug


Innate Abilities, Weirdness & Mutations

You are immune to sickness and miasma.
Your stone body is resilient. (AC +10)
You are immune to poison.
Your large and strong wings let you fly.
You resist negative energy. (rN+)
You are resistant to electric shocks. (rElec)
You are resistant to unholy torment.
You are immune to petrification.


Message History

Aiming: Sandblast (safe; 1% risk of failure)
Press: ? - help, Shift-Dir - straight line, f/p - 1Anon's ghost
Aim: 1Anon's ghost, wielding a heavy weapon (moderately damaged, 76% to hit)
The blast of sand hits 1Anon's ghost but does no damage. 1Anon's ghost is moderately damaged. 1Anon's ghost hits you but does no damage.
Casting: Sandblast (safe; 1% risk of failure)
Confirm with . or Enter, or press ? or * to list all spells.
You don't have enough magic to cast this spell.
Unknown command.
You hit 1Anon's ghost. 1Anon's ghost is moderately damaged. 1Anon's ghost hits you but does no damage.
You closely miss 1Anon's ghost. 1Anon's ghost is moderately damaged. 1Anon's ghost hits you but does no damage. x2
You hit 1Anon's ghost. 1Anon's ghost is moderately damaged. 1Anon's ghost sprays you with burning goo.
The sticky flame hits you.
You are covered in intense liquid fire!
You closely miss 1Anon's ghost. 1Anon's ghost is moderately damaged.
The liquid fire burns you!
* * * LOW HITPOINT WARNING * * *
You block 1Anon's ghost's attack.
You hit 1Anon's ghost.
Lightning courses through 1Anon's ghost! 1Anon's ghost is heavily damaged.
The liquid fire burns you!
* * * LOW HITPOINT WARNING * * *
You block 1Anon's ghost's attack.
You closely miss 1Anon's ghost. 1Anon's ghost is heavily damaged.
The liquid fire burns you!
* * * LOW HITPOINT WARNING * * *
You block 1Anon's ghost's attack.
As you read the scroll of fog, it dissolves into smoke.
The liquid fire burns you!
You die...

.# ##....P...#.P....#...## >#
######.....................##
#####..##.......#..#.......#.####
###....................÷.........
#.............(...#...#.#..######
.###.#....#...#.....####......# #
..................### ##P.##..###
...........P.##§§§.####...##..)#.
.............##§@§...#...........
.###...........§W§§...........###
.......#P.....§§..§..##...#...#))
.###P.......####''####......#)..P
####....P...#.~..~..##......P.P.P
...##...#.P.##..#.ß..#...........
.P.###......##~~≈..#?##...#......
....#.P.....#$#..=~§###....#.....
#.......#...###.#§### ##.........


You could see 1Anon's ghost.

Vanquished Creatures
  Nessos (D:13)
  Erolcha (D:10)
  3 centaur warriors
  A catoblepas (Lair:4)
  7 boulder beetles
  5 two-headed ogres
  Sonja (D:10)
  A skyshark (Lair:4)
  An arcanist (D:13)
  An orc knight (D:12)
  A harpy (shapeshifter) (D:11)
  Maurice (D:7)
  2 ugly things
  2 cyclopes
  A manticore (D:12)
  A black mamba (Lair:2)
  An elephant (D:10)
  A guardian serpent (Lair:1)
  8 cane toads
  An unseen horror (D:12)
  3 gargoyles
  A rime drake (Lair:1)
  A komodo dragon (Lair:3)
  3 trolls
  2 hornets
  Prince Ribbit (D:7)
  Grinder (D:4)
  7 blink frogs
  4 slime creatures (D:9)
  A centaur simulacrum (D:11)
  4 culicivoras (Lair:2)
  A spriggan (Lair:1)
  6 wraiths
  A vampire (D:12)
  3 wyverns
  35 yaks
  Grum (D:10)
  A human (shapeshifter) (D:11)
  3 basilisks
  7 vampire mosquitoes
  Menkaure (D:4)
  3 water moccasins
  Duvessa (D:5)
  An acid dragon (D:10)
  10 orc warriors
  5 black bears
  3 sky beasts
  5 ogres
  An ice beast (D:5)
  9 wolves
  16 centaurs
  A phantom (D:4)
  7 kobold brigands
  9 bullfrogs
  7 gnoll sergeants
  3 scorpions
  6 wights
  Dowan (D:5)
  24 killer bees
  9 electric eels (D:11)
  7 howler monkeys
  2 jellies (D:6)
  3 hounds
  A gnoll bouda (D:6)
  7 orc priests
  Ijyb (D:4)
  2 sleepcaps
  3 iguanas
  10 orc wizards
  30 gnolls
  6 adders
  A white imp (D:7)
  2 ufetubi (D:6)
  4 dart slugs
  5 ribbon worms
  32 orcs
  3 endoplasms
  2 giant cockroaches (D:1)
  14 goblins
  8 hobgoblins
  4 jackals (D:1)
  33 kobolds
  A quokka (D:1)
  8 ball pythons
  3 bats
  2 frilled lizards (D:3)
  8 rats
451 creatures vanquished.

Vanquished Creatures (others)
  2 unseen horrors
2 creatures vanquished.

Grand Total: 453 creatures vanquished

Notes
Turn   | Place    | Note
-------+----------+-------------------------------------------
     0 | D:1      | Autsider the Gargoyle Earth Elementalist began the quest
                  | for the Orb.
     0 | D:1      | Reached XP level 1. HP: 10/10 MP: 3/3
   192 | D:1      | Reached skill level 4 in Earth Magic
   192 | D:1      | Reached XP level 2. HP: 15/15 MP: 3/5
   507 | D:1      | Reached XP level 3. HP: 19/19 MP: 1/6
  1156 | D:2      | Found a stormy altar of Qazlal.
  1279 | D:2      | Reached XP level 4. HP: 24/24 MP: 4/7
  1283 | D:2      | Reached skill level 5 in Earth Magic
  1599 | D:2      | Reached XP level 5. HP: 22/28 MP: 3/9
  1603 | D:2      | Learned a level 3 spell: Stone Arrow
  1950 | D:3      | Noticed a black bear
  1953 | D:3      | Killed a black bear
  1954 | D:3      | Reached skill level 6 in Earth Magic
  2072 | D:3      | Reached XP level 6. HP: 32/32 MP: 7/12
  2127 | D:3      | Noticed a moth of wrath
  2130 | D:3      | Found a bloodstained altar of Trog.
  2921 | D:4      | Reached skill level 1 in Fighting
  2997 | D:4      | Found an ornate altar of the Wu Jian Council.
  3075 | D:4      | Found a white marble altar of Elyvilon.
  3157 | D:4      | Noticed Menkaure
  3166 | D:4      | Killed Menkaure
  3167 | D:4      | Reached XP level 7. HP: 35/43 MP: 3/13
  3353 | D:4      | Noticed Ijyb
  3358 | D:4      | Killed Ijyb
  3463 | D:4      | Noticed Grinder
  3466 | D:4      | Killed Grinder
  3874 | D:5      | Entered Level 5 of the Dungeon
  3890 | D:5      | Reached skill level 7 in Earth Magic
  3890 | D:5      | Reached XP level 8. HP: 48/48 MP: 10/14
  3938 | D:5      | Found Maugroir's Antique Armour Boutique.
  3963 | D:5      | Found Neluot's Armour Shoppe.
  3972 | D:5      | Reached skill level 1 in Shields
  4079 | D:5      | Found a staircase to the Ecumenical Temple.
  4088 | Temple   | Entered the Ecumenical Temple
  4107 | Temple   | Became a worshipper of Vehumet
  4217 | D:5      | Found Yroan's Book Emporium.
  4285 | D:5      | Found Sajashoas's Antique Weapon Shoppe.
  4348 | D:5      | Noticed Duvessa
  4350 | D:5      | Noticed Dowan
  4356 | D:5      | Killed Duvessa
  4357 | D:5      | Reached skill level 5 in Fighting
  4357 | D:5      | Killed Dowan
  4723 | D:5      | Found an iron altar of Okawaru.
  4972 | D:5      | Found Ruesid's Antique Weapon Shop.
  5017 | D:6      | Reached skill level 8 in Earth Magic
  5112 | D:6      | Reached skill level 5 in Spellcasting
  5220 | D:6      | Reached XP level 9. HP: 54/54 MP: 13/16
  5324 | D:6      | Reached skill level 9 in Earth Magic
  5411 | D:6      | Reached * piety under Vehumet
  5411 | D:6      | Offered knowledge of Freeze by Vehumet.
  6041 | D:7      | Found Seurgh's CLEARANCE SALE!.
  6066 | D:7      | Noticed Prince Ribbit
  6071 | D:7      | Killed Prince Ribbit
  6072 | D:7      | Reached skill level 10 in Earth Magic
  6583 | D:7      | Found a shimmering blue altar of Sif Muna.
  6834 | D:7      | Found a sacrificial altar of Ru.
  6845 | D:7      | Reached XP level 10. HP: 63/63 MP: 15/19
  6987 | D:7      | Noticed Maurice
  6994 | D:7      | Killed Maurice
  7297 | D:8      | Offered knowledge of Sting by Vehumet.
  7333 | D:8      | Reached ** piety under Vehumet
  7336 | D:8      | Reached skill level 5 in Armour
  7677 | D:8      | Found a flagged portal.
  7687 | Bailey   | Entered a bailey
  7719 | Bailey   | Offered knowledge of Hailstorm by Vehumet.
  7749 | Bailey   | Identified the +5 scimitar of Oozing Pus {venom, rN+ Dex+4}
  7903 | Bailey   | Reached *** piety under Vehumet
  8568 | D:9      | Offered knowledge of Dazzling Flash by Vehumet.
  8672 | D:9      | Noticed a two-headed ogre
  8676 | D:9      | Killed a two-headed ogre
  8872 | D:9      | Found an opulent altar of Gozag.
  9008 | D:9      | Noticed a two-headed ogre
  9013 | D:9      | Killed a two-headed ogre
  9014 | D:9      | Reached XP level 11. HP: 71/71 MP: 10/20
  9382 | D:10     | Entered Level 10 of the Dungeon
  9382 | D:10     | Noticed Sonja
  9466 | D:9      | Reached skill level 10 in Fighting
  9594 | D:9      | Found Sape's Armour Boutique.
  9869 | D:10     | Killed Sonja
  9914 | D:10     | Reached **** piety under Vehumet
  9915 | D:10     | Reached skill level 1 in Alchemy
 10006 | D:10     | Found a staircase to the Lair.
 10116 | D:10     | Noticed a two-headed ogre
 10121 | D:10     | Killed a two-headed ogre
 10192 | D:10     | Reached skill level 5 in Conjurations
 10280 | D:10     | Noticed Erolcha
 10285 | D:10     | Killed Erolcha
 10586 | D:10     | Noticed Grum
 10593 | D:10     | Killed Grum
 10691 | D:10     | Identified the +2 robe "Jireuth" {rPois Regen+ Str+2}
 10715 | D:10     | Identified the +5 flail of Exoneration {speed, rElec}
 11268 | D:11     | Noticed a boulder beetle
 11274 | D:11     | Offered knowledge of Inner Flame by Vehumet.
 11279 | D:11     | Killed a boulder beetle
 11398 | D:11     | Noticed a harpy
 11404 | D:11     | Killed a harpy
 11405 | D:11     | Reached XP level 12. HP: 77/77 MP: 15/21
 11535 | D:11     | Reached skill level 5 in Dodging
 11678 | D:11     | Reached skill level 11 in Earth Magic
 12036 | D:11     | Reached skill level 1 in Necromancy
 12216 | D:11     | Identified the +0 robe of the Yeti {Archmagi}
 12217 | D:11     | Found a hide-covered altar of Uskayaw.
 12759 | D:12     | Noticed a two-headed ogre
 12764 | D:12     | Killed a two-headed ogre
 13219 | D:12     | Reached skill level 12 in Earth Magic
 13530 | D:12     | Found a staircase to the Orcish Mines.
 13566 | D:12     | Reached ***** piety under Vehumet
 13713 | D:12     | Offered knowledge of Bombard by Vehumet.
 14231 | D:13     | Noticed a centaur warrior
 14373 | D:13     | Killed a centaur warrior
 14621 | D:13     | Noticed a boulder beetle
 14745 | D:13     | Killed a boulder beetle
 14746 | D:13     | Reached XP level 13. HP: 71/82 MP: 4/23
 14896 | D:13     | Noticed Killmatronix's ghost (journeyman TrMo)
 15014 | D:13     | Reached skill level 13 in Earth Magic
 15021 | D:13     | Learned a level 6 spell: Bombard
 15027 | D:13     | Learned a level 5 spell: Irradiate
 15032 | D:13     | Learned a level 4 spell: Petrify
 15207 | D:5      | Bought a manual of Armour for 1040 gold pieces
 15487 | D:13     | Noticed Nessos
 15492 | D:13     | Killed Nessos
 15492 | D:13     | Paralysed by an orc knight for 4 turns
 15511 | D:13     | Paralysed by an orc knight for 5 turns
 15552 | D:12     | Paralysed by an orc knight for 5 turns
 15573 | D:12     | Paralysed by an orc knight for 4 turns
 15580 | D:12     | Paralysed by an orc knight for 3 turns
 15587 | D:12     | Paralysed by an orc knight for 2 turns
 15878 | D:13     | Found a transporter.
 15879 | D:13     | Found a transporter.
 16033 | D:13     | Found Qaotuo's General Store.
 16325 | Lair:1   | Entered Level 1 of the Lair of Beasts
 16528 | Lair:1   | Reached skill level 1 in Evocations
 16731 | Lair:1   | Reached skill level 10 in Armour
 18080 | Lair:1   | Found the +3 pair of seven-league boots {Rampage+∞}
 18765 | Lair:2   | Found a large runed translucent door.
 18767 | Lair:2   | Found a large runed translucent door.
 18770 | Lair:2   | Noticed 1Anon's ghost (journeyman GnAl)
 18920 | Lair:2   | Reached skill level 14 in Earth Magic
 18926 | Lair:2   | Gained mutation: Your large and strong wings let you fly.
                  | [Gargoyle growth]
 18926 | Lair:2   | Reached XP level 14. HP: 88/88 MP: 23/26
 19071 | Lair:2   | Found a hole to the Spider Nest.
 19253 | Lair:2   | You are sucked into a shaft and drop 1 floor!
 19488 | Lair:3   | Noticed Rupert
 19501 | Lair:4   | Noticed Urug
 19763 | Lair:2   | Found a staircase to the Shoals.
 20044 | Lair:2   | Incinerated by 1Anon's ghost

Illustrated notes

Levels and vault maps discovered:
D:1:      tarquinn_simple_flora_water_d, layout_basic
D:2:      layout_basic, basic_altar
D:3:      layout_basic, tgw_trog, st_stairs_14
D:4:      layout_cave_pools, jmf_multi_god_temple, uniq_ijyb, uniq_menkaure,
          uniq_grinder
D:5:      layout_basic, lemuel_coloured_pillars_altar,
          minmay_temple_entry_waves, serial_shops, shop, kennysheep_mini,
          nicolae_shop_stone, nicolae_shop_tiny_real_fake_doors,
          nicolae_square_shop, serial_bayou_lake_a, uniq_duvessa
D:6:      layout_loops_ring, corexii_leaking_fountain
D:7:      layout_gridville, mainiacjoe_overflow_six_doors_small,
          hangedman_ru_absence, nicolae_shop_clearance, uniq_prince_ribbit1,
          uniq_maurice
D:8:      layout_loops_ring, enter_bailey_5, minmay_misc_feat_pillars
D:9:      layout_loops_ring, grunt_gozag_statues, serial_shops, shop
D:10:     layout_irregular_city, grunt_lair_entry_orc_guard_hut, uniq_grum,
          uniq_sonja, uniq_erolcha
D:11:     minmay_curly_fans, layout_basic, eat_drink_and_be_merry_uskayaw
D:12:     layout_irregular_city, kennysheep_orc_monster_closet_entryway
D:13:     layout_rooms, gammafunk_ghost_hive, serial_shops, nicolae_square_shop,
          uniq_nessos
D:14:     layout_basic, hellmonk_vaults_attempted_burglary,
          infiniplex_staircase_trident, kennysheep_cluttered_room
Temple:   bh_familiar_temple
Lair:1:   wad_woods_04, layout_layer_cave, minivault_23,
          hellmonk_guarded_unrand_seven_league_boots
Lair:2:   layout_misc_corridors, minmay_shoals_entry_centaurs,
          hellmonk_spider_entry_life_and_decay, ebering_ghost_disaster_area
Lair:3:   layout_chaotic_city, serial_forest, infiniplex_forest_zigzag_1,
          infiniplex_forest_end_double, infiniplex_forest_lined_room_2,
          infiniplex_forest_end_2, infiniplex_forest_zigzag_1,
          infiniplex_forest_side_room, uniq_rupert
Lair:4:   wander_river, layout_gridlike, minmay_slime_entry_oklob_enclosed,
          uniq_urug

Skill      XL: |  1  2  3  4  5  6  7  8  9 10 11 12 13 |
---------------+----------------------------------------+-----
Earth Magic    | 4 5 6 7 8 10 12 14 | 14.2
Conjurations   | 2 3 4 6 7 9 |  9.5
Spellcasting   | 3 4 5 6 7 8 |  8.9
Fighting       | 4 5 7 9 10 | 10.0
Shields        | 4 |  4.0
Armour         | 8 9 11 | 11.7
Dodging        | 4 6 |  6.0
Alchemy        | 3 4 |  4.3
Necromancy     | 4 |  4.0
Evocations     | 3 |  3.7
Stealth        | |  2.1

Action                     |  1- 3 |  4- 6 |  7- 9 | 10-12 | 13-15 || total
---------------------------+-------+-------+-------+-------+-------++-------
  Melee: Club              |    32 |     5 |       |       |       ||    37
         Mace              |       |       |     4 |       |       ||     4
         Whip              |       |       |    39 |    63 |   196 ||   298
   Cast: Sandblast         |    46 |    52 |   116 |   259 |   208 ||   681
         Stone Arrow       |       |    11 |    25 |   187 |    62 ||   285
         Irradiate         |       |       |       |       |     6 ||     6
         Petrify           |       |       |       |       |     4 ||     4
         Bombard           |       |       |       |       |     7 ||     7
    Use: Scroll            |     1 |     1 |    11 |     5 |     8 ||    26
         Potion            |       |       |       |       |     1 ||     1
   Stab: Petrified         |       |       |       |       |     3 ||     3
 Armour: Robe              |    46 |    13 |   113 |       |       ||   172
         Chain mail        |       |       |       |   389 |   303 ||   692
  Dodge: Dodged            |    42 |    11 |    64 |   130 |   108 ||   355
  Block: Buckler           |       |       |    41 |   237 |   254 ||   532
         Reflection        |       |       |     4 |    36 |     8 ||    48

Table legend: (Time is in decaauts)
 A = Elapsed time spent in this place.
 B = Non-inter-level travel time spent in this place.
 C = Inter-level travel time spent in this place.
 D = Time resting spent in this place.
 E = Time spent auto-exploring this place.
 F = Levels seen in this place.
 G = Mean time per level.
                   A        B        C        D        E       F      G
               +--------+--------+--------+--------+--------+-----+--------+
         Total |  21279 |  19692 |   1587 |    650 |  15521 |  20 | 1063.9 |
       Dungeon |  16732 |  15524 |   1208 |    498 |  12414 |  14 | 1195.1 |
        Temple |     37 |      1 |     36 |      0 |      0 |   1 |   37.0 |
          Lair |   4093 |   3751 |    342 |    152 |   2854 |   4 | 1023.2 |
        Bailey |    416 |    416 |      0 |      0 |    252 |   1 |  416.0 |
               +--------+--------+--------+--------+--------+-----+--------+

Top non-repeatable levels by time:
  Lair:1: 2628 daAuts
    D:11: 1946 daAuts
    D:12: 1922 daAuts
     D:9: 1413 daAuts
     D:7: 1402 daAuts
    D:10: 1359 daAuts
    D:13: 1299 daAuts
     D:5: 1157 daAuts
     D:6: 1106 daAuts
     D:8: 1091 daAuts
     D:2: 1038 daAuts
     D:3: 995 daAuts
     D:4: 969 daAuts
  Lair:2: 938 daAuts
     D:1: 936 daAuts
